Map: Lightshade LE

Players

zuka - Winner!

  • Race: Protoss Protoss
  • League: Master

Miszu

  • Race: Terran Terran
  • League: Master

VOD

Have the link to the VOD?

Description

Time

  • Played on: May 7, 2021, 2:42 p.m.
  • Length: 3:28
Show
View Real Time Build Order
Export as new Build Order

zuka Protoss - Winner!

Build Orders:  

Get SALT Encoding   

  12  0:00  Probe  
  13  0:12  Probe  
  14  0:24  Probe  
  15  0:36  Pylon  
  15  0:54  Gateway  
  15  0:55  Gateway  
  15  0:59  Forge  
  15  1:23  Pylon  
  15  1:40  Zealot (Chrono Boost)  
  15  1:41  Zealot (Chrono Boost)  
  15  1:44  Photon Cannon  
  19  1:49  Photon Cannon  
  19  1:59  Zealot  
  19  2:00  Zealot (Chrono Boost)  
  21  2:25  Zealot (Chrono Boost)  
  25  2:33  Zealot (Chrono Boost)  
  23  2:44  Zealot  
  25  2:52  Photon Cannon  
  25  2:53  Zealot  
  27  2:59  Photon Cannon  
Show
View Real Time Build Order
Export as new Build Order

Miszu Terran 

Build Orders:  

Get SALT Encoding   

  12  0:00  SCV  
  13  0:12  SCV  
  14  0:16  Supply Depot  
  14  0:24  SCV  
  15  0:38  Barracks, SCV  
  16  0:44  Refinery  
  16  0:50  SCV  
  17  1:02  SCV  
  18  1:15  SCV  
  19  1:27  Marine  
  19  1:28  Orbital Command  
  20  2:01  Marine  
  20  2:02  SCV  
  22  2:14  Supply Depot  
  22  2:17  SCV  
  22  2:21  Marine  
  23  2:26  Command Center  
  23  2:35  Supply Depot  
  23  2:41  Marine  
  23  2:42  SCV  
  25  2:57  SCV  
  24  3:03  Supply Depot  
  19  3:07  Marine  
  19  3:09  SCV  
Tags
 
Add a new tag
Caveats
  • Supply blocks, unpowered buildings, or Contaminate may cause inaccurate times.
  • Supply counts are checked every 10 seconds.